 Dungeon Crawl Stone Soup version 0.31-a0-331-geda263fcf1 (webtiles) character file.

Game seed: 6978985378394427280

5 jlumianski the Firebug (level 1, 0/9 HPs)
             Began as a Vine Stalker Fire Elementalist on July 20, 2023.
             Slain by an orc
             ... wielding a +0 whip
              (1 damage)
             ... on level 2 of the Dungeon.
             The game lasted 00:03:36 (299 turns).

jlumianski the Firebug (VSFE)                        Turns: 299, Time: 00:03:37

Health: 0/9        AC:  2    Str: 10    XL:     1   Next: 80%
Magic:  0/4        EV: 12    Int: 15    God:
Gold:   0          SH:  0    Dex: 14    Spells: 3/4 levels left

rFire   . . .        (no weapon)
rCold   . . .        (no shield)
rNeg    . . .        a - +0 robe
rPois   .            (no helmet)
rElec   .            (no cloak)
rCorr   .            (no gloves)
SInv    .            (no boots)
Will    .....        (no amulet)
Stlth   ++           (no ring)
HPRegen 0.21/turn    (no ring)
MPRegen 0.09/turn

%: guardian spirit
@: no status effects
A: fangs 2, magic shield, antimagic bite, no potion heal 2
a: no special abilities


You were on level 2 of the Dungeon.
You visited 1 branch of the dungeon, and saw 3 of its levels.

Inventory:

Armour
 a - a +0 robe (worn)
Potions
 b - a potion of magic


   Skills:
 + Level 1.6 Dodging
 + Level 2.6 Stealth
 - Level 2.1 Spellcasting
 + Level 1.0 Conjurations
 + Level 3.2 Fire Magic


You had 3 spell levels left.
You knew the following spells:

 Your Spells              Type           Power      Damage    Failure   Level
a - Foxfire               Conj/Fire      32%        2x1d5     9%          1

Your spell library contained the following spells:

 Spells                   Type           Power      Damage    Failure   Level
 Scorch                   Fire           22%        2d5       9%          2
 Inner Flame              Hex/Fire       6%         N/A       32%         3
 Volatile Blastmotes      Fire/Tloc      12%        2d11      32%         3
 Flame Wave               Conj/Fire      8%         2d5       65%         4


Dungeon Overview and Level Annotations

Branches:
Dungeon (3/15)

Altars:


Innate Abilities, Weirdness & Mutations

You have extremely sharp teeth.
When hurt, damage is shared between your health and your magic reserves.
Your bite disrupts and absorbs the magic of your enemies.
Potions cannot restore your health.


Message History

An orc comes into view. It is wielding a +0 flail.
You hear a shout!
The foxfire hits the orc.
The orc is heavily wounded.
The foxfire hits the orc.
The orc is severely wounded.
An orc comes into view. It is wielding a +0 hand axe.
An orc comes into view. It is wielding a +0 falchion.
The orc shouts!
You hear a shout!
An orc wizard comes into view. It is wielding a +0 dagger.
You barely miss the orc.
The orc is severely wounded.
The orc barely misses you. The orc attacks as you move away!
The orc hits you but does no damage. The orc attacks as you move away!
The orc closely misses you. The orc attacks as you move away!
The orc barely misses you.
There is a stone staircase leading up here.
The orc closely misses you.
You climb upwards.
There is a stone staircase leading down here.
Casting: Foxfire (safe; 9% risk of failure)
Confirm with . or Enter, or press ? or * to list all spells.
You conjure some foxfire!
The orc hits you with a +0 whip.
Your foxfire dissipates!
The orc attacks as you move away! The orc hits you but does no damage.
The orc attacks as you move away! The orc hits you with a +0 whip.
Found an inky potion.
You hit the orc but do no damage. You bite the orc, but do no damage.
The orc is heavily wounded.
The orc hits you with a +0 whip.
Casting: Foxfire (safe; 9% risk of failure)
Confirm with . or Enter, or press ? or * to list all spells.
You conjure some foxfire!
The orc hits you with a +0 whip.
* * * LOW HITPOINT WARNING * * *
You hit the orc but do no damage.
The orc is heavily wounded.
The foxfire hits the orc but does no damage.
The orc is heavily wounded.
The orc hits you with a +0 whip.
You die...

### #.. #.# #.#
#.# #.# #.#
################.#
#@o........>.....#
#.################
#.# #.# #.# #.#
#.# !..


You could see an orc.

Vanquished Creatures
  An endoplasm (D:1)
  A giant cockroach (D:2)
  3 bats
  A rat (D:1)
6 creatures vanquished.

Vanquished Creatures (others)
  20 foxfires
20 creatures vanquished.

Grand Total: 26 creatures vanquished

Notes
Turn   | Place    | Note
-------+----------+-------------------------------------------
     0 | D:1      | jlumianski the Vine Stalker Fire Elementalist began the
                  | quest for the Orb.
     0 | D:1      | Reached XP level 1. HP: 9/9 MP: 4/4
   270 | D:3      | Noticed an orc wizard
   299 | D:2      | Slain by an orc

Illustrated notes

Levels and vault maps discovered:
D:1:      roderic_octagonal_star, layout_loops_ring, supply_closet_lemuel
D:2:      layout_loops_ring, basic_altar
D:3:      layout_rooms

Action                     || total
---------------------------++-------
  Melee: Unarmed           ||     6
         Bite              ||     3
   Cast: Foxfire           ||    13
    Use: Scroll            ||     1
 Armour: Robe              ||     3
  Dodge: Dodged            ||     9

Table legend: (Time is in decaauts)
 A = Elapsed time spent in this place.
 B = Non-inter-level travel time spent in this place.
 C = Inter-level travel time spent in this place.
 D = Time resting spent in this place.
 E = Time spent auto-exploring this place.
 F = Levels seen in this place.
 G = Mean time per level.
                   A        B        C        D        E       F      G
               +--------+--------+--------+--------+--------+-----+--------+
         Total |    298 |    298 |      0 |      0 |     97 |   3 |   99.3 |
       Dungeon |    298 |    298 |      0 |      0 |     97 |   3 |   99.3 |
               +--------+--------+--------+--------+--------+-----+--------+

Top non-repeatable levels by time:
     D:1: 125 daAuts
     D:2: 106 daAuts
     D:3: 67 daAuts
